 Dungeon Crawl Stone Soup version 0.19.0 (webtiles) character file.

36 CanadianGator the Charmwright (level 3, -7/24 HPs)
             Began as a High Elf Skald on Nov 15, 2016.
             Mangled by a gnoll
             ... wielding a +0 spear
              (9 damage)
             ... on level 2 of the Dungeon.
             The game lasted 00:05:29 (1467 turns).

CanadianGator the Charmwright (High Elf Skald)      Turns: 1467, Time: 00:05:29

Health: -7/24      AC:  3    Str: 16    XL:     3   Next: 19%
Magic:  6/7        EV: 12    Int: 16    God:
Gold:   100        SH:  0    Dex: 15    Spells: 1 memorised, 5 levels left

rFire  . . .     SeeInvis .     a - +0 falchion
rCold  . . .     Gourm    .     b - +0 leather armour
rNeg   . . .     Faith    .     (no shield)
rPois  .         Spirit   .     (no helmet)
rElec  .         Reflect  .     (no cloak)
rCorr  .         Harm     .     (no gloves)
MR     .....                    (no boots)
Stlth  +.........               (no amulet)
                                k - +3 ring of strength
                                h - +2 ring of strength

@: singing
A: no striking features
a: Stop Singing


You were on level 2 of the Dungeon.
You were hungry.

You visited 1 branch of the dungeon, and saw 2 of its levels.

You collected 100 gold pieces.

Inventory:

Hand Weapons
 a - a +0 falchion (weapon)
Missiles
 e - 18 arrows
Armour
 b - a +0 leather armour (worn)
 f - a +0 ring mail
Jewellery
 h - a +2 ring of strength (left hand)
 k - a +3 ring of strength (right hand)
Scrolls
 j - a scroll of amnesia
 o - a scroll of identify {unknown}
 p - a scroll of random uselessness {unknown}
Potions
 i - a potion of invisibility {unknown}
 n - a potion of lignification {unknown}
Books
 c - a book of Battle

   Spells                             Type                      Level
   a - Infusion                       Charms                       1
   b - Shroud of Golubria             Charms/Translocation         2
   c - Song of Slaying                Charms                       2
   d - Spectral Weapon                Hexes/Charms                 3
   e - Regeneration                   Charms/Necromancy            3
 m - a book of Minor Magic

   Spells                             Type                      Level
   a - Magic Dart                     Conjuration                  1
   b - Blink                          Translocation                2
   c - Call Imp                       Summoning                    2
   d - Repel Missiles                 Charms/Air                   2
   e - Slow                           Hexes                        2
   f - Conjure Flame                  Conjuration/Fire             3
   g - Mephitic Cloud                 Conjuration/Poison/Air       3
Comestibles
 d - a bread ration
 l - 2 fruits


   Skills:
 + Level 2.2 Fighting
 * Level 3.4 Long Blades
 + Level 1.0 Armour
 * Level 1.9 Dodging
 + Level 2.5 Spellcasting
 + Level 3.8 Charms


You had 5 spell levels left.
You knew the following spells:

 Your Spells              Type           Power        Failure   Level  Hunger
b - Song of Slaying       Chrm           ##......     10%         2    ##.....


Dungeon Overview and Level Annotations

Branches:
Dungeon (2/15)

Altars:


Message History

The gnoll hits you with a spear.
You hit the gnoll but do no damage. The gnoll hits you with a spear!
You barely miss the gnoll. The gnoll misses you.
You hit the gnoll.
The gnoll is moderately wounded.
The gnoll barely misses you.
You riposte.
You hit the gnoll but do no damage.
The gnoll is moderately wounded.
The gnoll hits you with a spear.
* * * LOW HITPOINT WARNING * * *
You barely miss the gnoll.
The gnoll is moderately wounded.
The gnoll hits you with a spear.
* * * LOW HITPOINT WARNING * * *
You slash the gnoll!
The gnoll is almost dead.
The gnoll barely misses you.
You hit the gnoll but do no damage.
The gnoll is almost dead.
The gnoll hits you with a spear!
You die...

..# #####'#'#..#.#.#.#......#.#..
..# #.#.#<.#.#..<######.#.#.# ###
#.#.##.#.####.###.#....รท#
#########.#....#.......##.#.....#
..........####.######..##.#.....#
######################.##.#.....#
..........................#######
#######################...#######
#.....ggg@................
........#########...#######
........g #.....# ..........
#.##..# ........... #.##..#
............ #.###.#
#######.#.... #....>#
#.#....########


You could see 3 gnolls.

Vanquished Creatures
  2 dart slugs (D:1)
  A ball python (D:2)
  3 bats
  3 giant cockroaches
  6 goblins
  3 hobgoblins
  2 jackals (D:1)
  2 kobolds (D:2)
  4 frilled lizards
  5 rats (D:1)
31 creatures vanquished.

Notes
Turn   | Place    | Note
-------+----------+-------------------------------------------
     0 | D:1      | CanadianGator the High Elf Skald began the quest for the Orb.
     0 | D:1      | Reached XP level 1. HP: 14/14 MP: 4/4
   464 | D:1      | Reached XP level 2. HP: 11/19 MP: 6/6
   476 | D:1      | Learned a level 2 spell: Song of Slaying
   516 | D:1      | Reached skill level 1 in Armour
  1213 | D:2      | Reached XP level 3. HP: 21/24 MP: 7/7
  1457 | D:2      | HP: 1/24 [ball python (1)]
  1467 | D:2      | Mangled by a gnoll

Skill      XL: |  1  2 |
---------------+-------+-----
Armour         | 1 |  1.0
Long Blades    | 3 |  3.4
Fighting       | |  2.2
Dodging        | |  1.9
Spellcasting   | |  2.5
Charms         | |  3.8

Action                   || total
-------------------------++-------
Melee: Falchion          ||    90
 Cast: Song of Slaying   ||     1
  Use: Scroll            ||     3
       Potion            ||     1
 Stab: Sleeping          ||     1
  Eat: Chunk             ||     1
Armor: Ring mail         ||    19
       Leather armour    ||    21
Dodge: Dodged            ||    71
       Rpst.: Falchion   ||    22
